 Dungeon Crawl Stone Soup version 0.16-a0-2179-gb75b79b (console) character file.

6534 THEYGOTMYIPSWATINC the Cleaver (level 11, -11/51 HPs)
             Began as a Vine Stalker Berserker on Nov 14, 2014.
             Was an Elder of Trog.
             Mangled by a trapdoor spider simulacrum (19 damage)
             ... on level 11 of the Dungeon.
             The game lasted 00:19:53 (3314 turns).

THEYGOTMYIPSWATINC the Cleaver (VSBe)               Turns: 3314, Time: 00:19:54

Health: -11/51     AC:  9    Str: 21    XL:     11   Next: 1%
Magic:  0/15       EV: 10    Int: 13    God:    Trog [****..]
Gold:   303        SH:  0    Dex: 17    Spells: 0 memorised, 10 levels left

rFire  + . .     SeeInvis .     a - +0 hand axe
rCold  . . .     Clarity  .     p - +3 ring mail of Imperfection {rPois rCorr Dex+1} (curse)
rNeg   . . .     SustAb   .     (no shield)
rPois  +         Gourm    .     (no helmet)
rElec  .         Spirit   +     g - +0 cloak
rCorr  +         Warding  .     (no gloves)
rMut   +         Stasis   .     (no boots)
MR     +....                    r - amulet of resist mutation
Stlth  +.........               E - ring of protection from fire
                                F - +6 ring of intelligence

@: somewhat resistant to hostile enchantments, very unstealthy
A: fangs 3, regeneration 2, magic shield, antimagic bite, no device heal 3, rot
immunity, MP-powered wands 1
a: Burn Spellbooks, Berserk, Trog's Hand, Brothers in Arms, Renounce Religion


You were on level 11 of the Dungeon.
You worshipped Trog.
Trog was greatly pleased with you.
You were not hungry.

You visited 2 branches of the dungeon, and saw 12 of its levels.
You also visited: Ice Cave.

You collected 303 gold pieces.

Inventory:

Hand weapons
 a - a +0 hand axe (weapon)
 l - a +2 dagger of venom
Missiles
 j - 4 curare-tipped needles
 K - 4 javelins (quivered)
Armour
 b - a +0 animal skin
 d - a +0 ring mail
 g - a +0 cloak (worn)
 p - the cursed +3 ring mail of Imperfection (worn) {rPois rCorr Dex+1}
   (You found it on level 7 of the Dungeon)

   It affects your dexterity (+1).
   It protects you from poison.
   It protects you from acid and corrosion.
   It has a curse placed upon it.
 w - a -1 leather armour
Jewellery
 r - an amulet of resist mutation (around neck)
 t - an uncursed ring of invisibility
 E - a ring of protection from fire (right hand)
 F - a +6 ring of intelligence (left hand)
Magical devices
 u - a wand of flame (21)
 y - a wand of digging (1)
Scrolls
 e - 2 scrolls of recharging
 f - 4 scrolls of identify
 v - a scroll of holy word {unknown}
 x - a scroll of magic mapping
 z - a scroll of teleportation
 G - a scroll of enchant armour {unknown}
Potions
 h - 2 potions of brilliance {unknown}
 i - 2 potions of agility {unknown}
 k - 2 potions of cancellation {unknown}
 o - a potion of heal wounds {unknown}
 s - a potion of invisibility {unknown}
 C - a potion of flight {unknown}
 D - a potion of might {unknown}
 H - 2 potions of curing {unknown}
 J - a potion of restore abilities {unknown}
Books
 q - a book of the Sky

   Spells                             Type                      Level
   Flight                             Charms/Air                   3
   Airstrike                          Air                          4
   Silence                            Hexes/Air                    5
   Deflect Missiles                   Charms/Air                   6
   Conjure Ball Lightning             Conjuration/Air              6
   Tornado                            Air                          9
   Trog disapproves of the use of such an item.
 A - a book of Envenomations

   Spells                             Type                      Level
   Spider Form                        Transmutation/Poison         3
   Alistair's Intoxication            Transmutation/Poison         4
   Olgreb's Toxic Radiance            Poison                       4
   Poisonous Cloud                    Conjuration/Poison/Air       6
   Trog disapproves of the use of such an item.
Comestibles
 c - 3 bread rations
 m - 2 royal jellies
 n - a beef jerky
 B - 2 slices of pizza
 I - a meat ration


   Skills:
 - Level 2.6 Fighting
 + Level 14.5 Axes
 - Level 1.5 Armour
 - Level 1.5 Dodging


You had 10 spell levels left.
You didn't know any spells.

Dungeon Overview and Level Annotations

Branches:
Dungeon (11/15)            Temple (1/1) D:6
   Lair: D:8-11         Orc: D:9-12

Altars:
Ashenzari
Cheibriados
Dithmenos
Makhleb
Nemelex Xobeh
Trog
Yredelemnul

Shops:
D:8 }

Annotations:
D:5 Dowan, Duvessa


Innate Abilities, Weirdness & Mutations

You have razor-sharp teeth.
You heal very quickly.
When hurt, damage is shared between your health and your magic reserves.
Your bite disrupts and absorbs the magic of your enemies.
Potions and wands cannot restore your health.
You are immune to rotting.
You expend magic power (6 MP) to slightly strengthen your wands.


Message History

The trapdoor spider simulacrum bites you but does no damage.
You feel yourself speed up.
The trapdoor spider simulacrum barely misses you.
Drink which item? (? for menu, Esc to quit)
Okay, then.
You slash the trapdoor spider simulacrum!
You bite the trapdoor spider simulacrum!
You drain its power.
The trapdoor spider simulacrum bites you!
The trapdoor spider simulacrum freezes you!
The trapdoor spider simulacrum closely misses you.
The trapdoor spider simulacrum misses you.
The trapdoor spider simulacrum closely misses you.
You feel less exhausted.
The trapdoor spider simulacrum bites you.
The trapdoor spider simulacrum freezes you!!
The trapdoor spider simulacrum bites you!
* * * LOW HITPOINT WARNING * * *
The trapdoor spider simulacrum freezes you!!
You die...

#..>............
##########+####.#######+#
............###'####....#
............#...#.......#
............#...#.......#
............'.).'.......+
............###+####....##
........#'####..####.....#+#####
........'...#..Z@...............
........#(..+..............§.....
........#...#.............#§#...
........#..>#............§.§§....
........###+###'.####+##.§#.#...
.........#..##.....##. ....... .
.........#......................
.........#..............'.... .
.........#....#..####...#.....


You could see a trapdoor spider simulacrum.

Vanquished Creatures
  Josephine (D:11)
  Urug (D:11)
  A hill giant (D:10)
  An ugly thing (D:11)
  A manticore (D:11)
  2 trapdoor spider zombies (D:11)
  A hippogriff (D:8)
  A yak (D:11)
  Grum (D:9)
  3 vampire mosquitoes (D:11)
  A hungry ghost (D:9)
  2 wolves (D:9)
  Edmund (D:4)
  A necrophage (D:6)
  4 sky beasts
  A yellow wasp (D:9)
  2 black bears
  2 phantoms
  An ice beast (D:9)
  A big kobold (D:11)
  A giant frog (D:6)
  3 wyvern skeletons (D:11)
  2 scorpions
  6 killer bees (D:9)
  3 hounds
  3 giant frog skeletons
  An orc priest (D:11)
  2 crimson imps (D:9)
  5 orc wizards
  A worker ant (D:6)
  Ijyb (D:5)
  2 hound skeletons
  4 gnolls (D:8)
  2 shadow imps (D:11)
  2 adders
  3 white imps (D:11)
  A giant gecko (D:7)
  17 orcs
  6 bats
  6 goblins
  5 hobgoblins
  10 jackals
  A quokka (D:9)
  A giant cockroach (D:4)
  2 giant newts
  8 kobolds
  4 rats
131 creatures vanquished.

Notes
Turn   | Place    | Note
--------------------------------------------------------------
     0 | D:1      | THEYGOTMYIPSWATINC, the Vine Stalker Berserker, began the quest for the Orb.
     0 | D:1      | Reached XP level 1. HP: 11/11 MP: 1/1
    43 | D:1      | Reached skill level 3 in Axes
    99 | D:1      | Reached XP level 2. HP: 14/16 MP: 3/3
   125 | D:2      | Found a basalt altar of Yredelemnul.
   224 | D:2      | Acquired Trog's second power
   296 | D:3      | Reached XP level 3. HP: 18/19 MP: 2/4
   406 | D:4      | Found a shadowy altar of Dithmenos.
   515 | D:4      | Noticed Edmund
   524 | D:4      | Killed Edmund
   524 | D:4      | Reached skill level 5 in Axes
   524 | D:4      | Reached XP level 4. HP: 15/23 MP: 5/5
   524 | D:4      | Reached XP level 5. HP: 17/27 MP: 7/7
   699 | D:5      | Entered Level 5 of the Dungeon
   699 | D:5      | Noticed Duvessa
   699 | D:5      | Noticed Dowan
   784 | D:4      | Noticed a sky beast
   807 | D:4      | Killed a sky beast
   807 | D:4      | Reached skill level 6 in Axes
   807 | D:4      | Gained mutation: You heal very quickly. [vine stalker growth]
   807 | D:4      | Reached XP level 6. HP: 31/32 MP: 6/8
   861 | D:5      | Noticed Ijyb
   873 | D:5      | Killed Ijyb
  1020 | D:6      | Found a staircase to the Ecumenical Temple.
  1032 | Temple   | Entered the Ecumenical Temple
  1224 | D:6      | Reached skill level 7 in Axes
  1224 | D:6      | Reached XP level 7. HP: 31/35 MP: 9/9
  1337 | D:7      | Noticed a hungry ghost
  1500 | D:7      | Reached skill level 8 in Axes
  1667 | D:7      | Got a garnet-encrusted ring mail
  1679 | D:7      | Identified the cursed +3 ring mail of Imperfection {rPois rCorr Dex+1} (You found it on level 7 of the Dungeon)
  1812 | D:8      | Gained mutation: You have razor-sharp teeth. [vine stalker growth]
  1812 | D:8      | Reached XP level 8. HP: 37/39 MP: 9/11
  1831 | D:8      | Found Hezuh's Gadget Shoppe.
  1916 | D:9      | Reached skill level 9 in Axes
  2102 | D:10     | Entered Level 10 of the Dungeon
  2102 | D:10     | Noticed a hill giant
  2108 | D:10     | Killed a hill giant
  2108 | D:10     | Reached skill level 10 in Axes
  2108 | D:10     | Reached XP level 9. HP: 41/43 MP: 10/12
  2146 | D:9      | Noticed Grum
  2161 | D:9      | Killed Grum
  2161 | D:9      | Reached skill level 11 in Axes
  2255 | D:8      | Found a shattered altar of Ashenzari.
  2255 | D:8      | Noticed a hippogriff
  2263 | D:8      | Killed a hippogriff
  2428 | D:9      | Reached skill level 12 in Axes
  2523 | D:9      | Gained mutation: You expend magic power (6 MP) to slightly strengthen your wands. [mutagenic meat]
  2589 | D:9      | Acquired Trog's third power
  2649 | D:11     | Found a frozen archway.
  2693 | IceCv    | Entered an ice cave
  2693 | IceCv    | Noticed a wolf spider simulacrum
  2786 | D:11     | Noticed Urug
  2805 | D:11     | HP: 1/64 [Urug/great sword (14)]
  2806 | D:11     | Killed Urug
  2806 | D:11     | Reached skill level 13 in Axes
  2806 | D:11     | Reached XP level 10. HP: 1/47 MP: 0/13
  2852 | D:11     | Noticed a manticore
  2862 | D:11     | Killed a manticore
  3086 | D:11     | Noticed a purple ugly thing
  3105 | D:11     | Killed a purple ugly thing
  3262 | D:11     | Noticed Josephine
  3271 | D:11     | Killed Josephine
  3271 | D:11     | Reached skill level 14 in Axes
  3278 | D:11     | Reached XP level 11. HP: 40/51 MP: 15/15
  3314 | D:11     | Mangled by a trapdoor spider simulacrum

Action                   |  1- 3 |  4- 6 |  7- 9 | 10-12 || total
-------------------------+-------+-------+-------+-------++-------
Melee: Hand axe          |    53 |    92 |   272 |    96 ||   513
Invok: Berserk           |     2 |     3 |     6 |     4 ||    15
       Trog's Hand       |       |       |     1 |     1 ||     2
  Use: Scroll            |       |       |     8 |       ||     8
 Stab: Sleeping          |       |     1 |       |       ||     1
  Eat: Chunk             |       |     6 |    14 |     3 ||    23
       Bread ration      |       |       |     1 |       ||     1
       Pizza             |       |       |     1 |       ||     1
       Meat ration       |       |       |       |     1 ||     1
